 Dungeon Crawl Stone Soup version 0.31-a0-435-g2c6fae2916 (webtiles) character file.

Game seed: 17843069865295482138

138 lovewater the Grasshopper (level 5, -4/26 HPs)
             Began as a Spriggan Warper on Aug 1, 2023.
             Slain by a hobgoblin (6 damage)
             ... led by Robin
             ... on level 3 of the Dungeon.
             The game lasted 00:12:55 (1813 turns).

lovewater the Grasshopper (Spriggan Warper)         Turns: 1813, Time: 00:12:55

Health: -4/26      AC:  2    Str:  7    XL:     5   Next: 1%
Magic:  18/20      EV: 17    Int: 17    God:
Gold:   191        SH:  0    Dex: 14    Spells: 5/10 levels left

rFire   . . .        a - +0 short sword
rCold   . . .        (no shield)
rNeg    . . .        b - +0 robe
rPois   .            (helmet restricted)
rElec   .            (no cloak)
rCorr   .            (gloves unavailable)
SInv    +            (boots unavailable)
Will    .....        i - amulet of regeneration
Stlth   ++           j - ring of magical power
HPRegen 1.04/turn    (no ring)
MPRegen 0.17/turn

%: no passive effects
@: very quick
A: very small, no large weapons, unfitting armour, see invisible, speed 3
a: no special abilities


You were on level 3 of the Dungeon.
You visited 1 branch of the dungeon, and saw 3 of its levels.

You collected 191 gold pieces.

Inventory:

Hand Weapons
 a - a +0 short sword (weapon)
Missiles
 d - 5 darts of dispersal
 e - 2 atropa-tipped darts
Armour
 b - a +0 robe (worn)
Jewellery
 i - an amulet of regeneration (around neck)
 j - a ring of magical power (left hand)
Scrolls
 c - 2 scrolls of blinking
 n - a scroll of fog {unknown}
 o - 2 scrolls of noise {unknown}
 q - a scroll of amnesia {unknown}
 r - a scroll of vulnerability {unknown}
Potions
 f - a potion of brilliance {unknown}
 h - 2 potions of mutation {unknown}
 l - a potion of lignification {unknown}
 p - a potion of degeneration {unknown}


   Skills:
 + Level 2.1 Fighting
 + Level 3.4 Short Blades
 + Level 2.1 Throwing
 + Level 3.5 Dodging
 + Level 1.0 Stealth
 + Level 3.3 Spellcasting
 + Level 5.3 Translocations
 + Level 0.2 Air Magic


You had 5 spell levels left.
You knew the following spells:

 Your Spells              Type           Power      Damage    Failure   Level
a - Blink                 Tloc           42%        N/A       2%          2
b - Vhi's Electric Charg  Tloc/Air       24%        N/A       16%         3

Your spell library contained the following spells:

 Spells                   Type           Power      Damage    Failure   Level
 Lesser Beckoning         Tloc           42%        N/A       2%          2
 Teleport Other           Tloc           21%        N/A       5%          3
 Magic Dart               Conj           8%         1d3       17%         1
 Manifold Assault         Tloc           21%        N/A       19%         4
 Ensorcelled Hibernation  Hex/Ice        4%         N/A       26%         2
 Passwall                 Tmut/Erth      1%         N/A       26%         2
 Searing Ray              Conj           4%         2d4       26%         2
 Swiftness                Air            3%         N/A       43%         3
 Fulminant Prism          Conj/Hex       1%         3d5       86%         4


Dungeon Overview and Level Annotations

Branches:
Dungeon (3/15)

Altars:

Annotations:
D:3 Robin


Innate Abilities, Weirdness & Mutations

You are very small and have problems with some larger weapons.
You are too small for most types of armour.
You have supernaturally acute eyesight. (SInv)
You cover ground extremely quickly. (Speed+++)


Message History

You are too injured to fight recklessly!
You hit the goblin.
You kill the goblin!
You closely miss the hobgoblin. You hit the hobgoblin.
The hobgoblin is moderately wounded.
The hobgoblin no longer looks unusually strong.
The hobgoblin hits you. Robin throws the goblin at you!
The goblin hits you with a +0 club.
* * * LOW HITPOINT WARNING * * *
You closely miss the hobgoblin.
The hobgoblin is moderately wounded.
The hobgoblin closely misses you. The goblin misses you.
You hit the goblin.
The goblin is severely wounded.
The hobgoblin misses you. The goblin hits you with a +0 club.
* * * LOW HITPOINT WARNING * * *
You closely miss the goblin.
The goblin is severely wounded.
The goblin no longer looks unusually strong.
The hobgoblin closely misses you. The goblin hits you with a +0 club.
* * * LOW HITPOINT WARNING * * *
Casting: Blink (safe; 2% risk of failure)
Confirm with . or Enter, or press ? or * to list all spells.
You blink.
The goblin hits you with a +0 club.
* * * LOW HITPOINT WARNING * * *
Robin throws the goblin at you! The goblin hits you with a +0 dagger.
* * * LOW HITPOINT WARNING * * *
The hobgoblin barely misses you. The goblin closely misses you.
The goblin hits you with a +0 dagger.
* * * LOW HITPOINT WARNING * * *
You closely miss the goblin. You miss the goblin. The hobgoblin hits you.
* * * LOW HITPOINT WARNING * * *
Robin says, "My army is invincible!"
The goblin barely misses you. The hobgoblin misses you.
You closely miss the goblin.
You feel stable enough to blink again. The hobgoblin hits you.
You die...

#### #..## #.##.##.#
######..# #.#..##.#
........# #.#>###.#
#######'## #.#.# #.#
##...## #.#)###.#
##.....## #...)...#
####.......##
##.#)#####
.##.........####ggg.#
.◎+.........+..g@)g.#
.##.....<...####gg.(#
.###.......## #(((.#
.# ##.....## (###.#
.# ##...## #. ..# .#
##+## #. .# .# ## ##
.# .....


You could see Robin, 3 hobgoblins and 3 goblins.

Vanquished Creatures
  3 gnolls (D:3)
  3 adders
  4 dart slugs
  9 bats
  5 endoplasms
  3 giant cockroaches (D:1)
  11 goblins
  7 hobgoblins
  4 kobolds
  3 quokkas
  6 ball pythons
  5 frilled lizards (D:1)
  8 rats
71 creatures vanquished.

Notes
Turn   | Place    | Note
-------+----------+-------------------------------------------
     0 | D:1      | lovewater the Spriggan Warper began the quest for the Orb.
     0 | D:1      | Reached XP level 1. HP: 10/10 MP: 5/5
    78 | D:1      | Reached XP level 2. HP: 15/15 MP: 6/6
   322 | D:1      | Reached skill level 5 in Translocations
   392 | D:1      | Reached XP level 3. HP: 18/18 MP: 8/8
   540 | D:1      | Learned a level 2 spell: Blink
   544 | D:1      | Learned a level 3 spell: Vhi's Electric Charge
  1160 | D:2      | Reached skill level 1 in Stealth
  1160 | D:2      | Reached XP level 4. HP: 23/23 MP: 9/9
  1646 | D:3      | HP: 1/23 [gnoll/+0 whip (6)]
  1783 | D:3      | Noticed Robin
  1795 | D:3      | Reached XP level 5. HP: 17/26 MP: 11/11
  1812 | D:3      | HP: 1/26 [hobgoblin[Robin] (4)]
  1813 | D:3      | Slain by a hobgoblin

Illustrated notes

Levels and vault maps discovered:
D:1:      psy_arrival_statuary, layout_rooms, minmay_misc_feat_columns,
          minmay_3d_cube
D:2:      minmay_inner_zag, layout_basic
D:3:      layout_loops_corners, uniq_robin

Skill      XL: |  1  2  3  4 |
---------------+-------------+-----
Spellcasting   | 3 |  3.3
Translocations | 5 |  5.3
Stealth        | 1 |  1.0
Throwing       | 2 |  2.1
Short Blades   | 3 |  3.4
Fighting       | 2 |  2.1
Dodging        | |  3.5
Air Magic      | |  0.2

Action                     |  1- 3 |  4- 6 || total
---------------------------+-------+-------++-------
  Melee: Short sword       |   196 |   139 ||   335
         Punch             |     3 |     3 ||     6
  Throw: Dart              |    21 |    23 ||    44
   Cast: Blink             |     5 |     6 ||    11
         Vhi's Electric Ch |     1 |       ||     1
    Use: Scroll            |       |     1 ||     1
         Potion            |       |     1 ||     1
   Stab: Sleeping          |     1 |       ||     1
 Armour: Robe              |    10 |     6 ||    16
  Dodge: Dodged            |   142 |   118 ||   260

Table legend: (Time is in decaauts)
 A = Elapsed time spent in this place.
 B = Non-inter-level travel time spent in this place.
 C = Inter-level travel time spent in this place.
 D = Time resting spent in this place.
 E = Time spent auto-exploring this place.
 F = Levels seen in this place.
 G = Mean time per level.
                   A        B        C        D        E       F      G
               +--------+--------+--------+--------+--------+-----+--------+
         Total |   1339 |   1323 |     16 |      0 |    812 |   3 |  446.3 |
       Dungeon |   1339 |   1323 |     16 |      0 |    812 |   3 |  446.3 |
               +--------+--------+--------+--------+--------+-----+--------+

Top non-repeatable levels by time:
     D:1: 654 daAuts
     D:2: 465 daAuts
     D:3: 219 daAuts
